SNL (28 & UNDER)
MEMPHIS BLUES @ SANTA FE DIABLOS
08/06/2029
 
TOP OF THE 1ST
Memphis Blues batting - Pitching for Santa Fe Diablos : RHP Bob Brock
Pitching: RHP Bob Brock
Batting: LHB Armando Domínguez 0-0: Bunt missed!
0-1: Called Strike
0-2: Ball
1-2: Ground out 5-3 (Groundball, 56)
Batting: SHB José Velásquez 0-0: Ball
1-0: Swinging Strike
1-1: Swinging Strike
1-2: Strikes out swinging
Batting: LHB Weston Chaney 0-0: Swinging Strike
0-1: Ball
1-1: Ball
2-1: Ball
3-1: Called Strike
3-2: Base on Balls
Batting: LHB Brenton Carter 0-0: Called Strike
0-1: Ball
1-1: Foul Ball, location: 2F
1-2: Ball
2-2: Ball
3-2: Fly out, F4 (Line Drive, 4)
Top of the 1st over - 0 runs, 0 hits, 0 errors, 1 left on base; Memphis 0 - Santa Fe 0
BOTTOM OF THE 1ST
Santa Fe Diablos batting - Pitching for Memphis Blues : LHP António Dávila
Pitching: LHP António Dávila
Batting: RHB Todd Oliver 0-0: Ball
1-0: Swinging Strike
1-1: Swinging Strike
1-2: Ground out 6-3 (Groundball, 6)
Batting: RHB Mike Martin 0-0: Called Strike
0-1: SINGLE (Groundball, 6D)
Batting: RHB Frank Martínez 0-0: Ball
1-0: Ball
2-0: Ball
3-0: Base on Balls
Mike Martin to second
Batting: LHB Merrill Erickson 0-0: Foul Ball, location: 2F
0-1: Ball
1-1: Ball
2-1: Ball
3-1: Foul Ball, location: 2F
3-2: Base on Balls
Mike Martin to third
Frank Martínez to second
Batting: LHB Juan Torres 0-0: GRAND SLAM HOME RUN (Flyball, 7LD), Distance : 343 ft
Batting: LHB Arturo Rodledo 0-0: Called Strike
0-1: Ball
1-1: Ball
2-1: Foul Ball, location: 2F
2-2: Foul Ball, location: 2F
2-2: Strikes out swinging
Batting: RHB Chris Rice 0-0: Fly out, F7 (Flyball, 7LSF)
Bottom of the 1st over - 4 runs, 2 hits, 0 errors, 0 left on base; Memphis 0 - Santa Fe 4
TOP OF THE 2ND
Memphis Blues batting - Pitching for Santa Fe Diablos : RHP Bob Brock
Batting: RHB Aaron Grizzle 0-0: Ground out 6-3 (Groundball, 6)
Batting: SHB Fernando Gutiérrez 0-0: Foul Ball, location: 2F
0-1: Foul Ball, location: 2F
0-2: Foul Ball, location: 2F
0-2: Ball
1-2: Strikes out swinging
Batting: LHB Phil Cantrell 0-0: Ball
1-0: Foul Ball, location: 2F
1-1: Foul Ball, location: 2F
1-2: Ball
2-2: Foul Ball, location: 2F
2-2: Foul Ball, location: 2F
2-2: Foul Ball, location: 2F
2-2: Ground out 6-3 (Groundball, 6)
Top of the 2nd over - 0 runs, 0 hits, 0 errors, 0 left on base; Memphis 0 - Santa Fe 4
BOTTOM OF THE 2ND
Santa Fe Diablos batting - Pitching for Memphis Blues : LHP António Dávila
Batting: RHB Clarence Robertson 0-0: Ball
1-0: Ball
2-0: Ball
3-0: Called Strike
3-1: Base on Balls
Batting: RHB Carl O'Dell 0-0: Swinging Strike
0-1: Ball
1-1: Ball
2-1: Foul Ball, location: 2F
2-2: Ball
3-2: Strikes out swinging
Batting: RHB Todd Oliver 0-0: Ball
1-0: Ball
2-0: Ball
3-0: Called Strike
3-1: Base on Balls
Clarence Robertson to second
Batting: RHB Mike Martin 0-0: Called Strike
0-1: Called Strike
0-2: Strikes out swinging
Batting: RHB Frank Martínez 0-0: Called Strike
0-1: Ball
1-1: Swinging Strike
1-2: Ball
2-2: Foul Ball, location: 2F
2-2: Ball
3-2: Base on Balls
Clarence Robertson to third
Todd Oliver to second
Batting: LHB Merrill Erickson 0-0: Ball
1-0: Foul Ball, location: 2F
1-1: Swinging Strike
1-2: Ball
2-2: Fielders Choice at 2nd, 6-4 (Groundball, 6)
Bottom of the 2nd over - 0 runs, 0 hits, 0 errors, 3 left on base; Memphis 0 - Santa Fe 4
TOP OF THE 3RD
Memphis Blues batting - Pitching for Santa Fe Diablos : RHP Bob Brock
Batting: RHB Julian Lee 0-0: SINGLE (Groundball, 34D)
Batting: RHB Ángel Hernández 0-0: Ball
Julian Lee is caught stealing 2nd base
1-0: SINGLE (Line Drive, 8LS)
Batting: LHB Armando Domínguez 0-0: Ball
1-0: Foul Ball, location: 2F
1-1: 2-RUN HOME RUN (Flyball, 9LD), Distance : 339 ft
Batting: SHB José Velásquez 0-0: Fly out, F7 (Flyball, 7)
Batting: LHB Weston Chaney 0-0: Ball
1-0: Called Strike
1-1: Foul Ball, location: 2F
1-2: Ball
2-2: Foul Ball, location: 2F
2-2: Foul Ball, location: 2F
2-2: Strikes out swinging
Top of the 3rd over - 2 runs, 3 hits, 0 errors, 0 left on base; Memphis 2 - Santa Fe 4
BOTTOM OF THE 3RD
Santa Fe Diablos batting - Pitching for Memphis Blues : LHP António Dávila
Batting: LHB Juan Torres 0-0: Called Strike
0-1: Ball
1-1: Ball
2-1: SOLO HOME RUN (Flyball, 9LD), Distance : 316 ft
Batting: LHB Arturo Rodledo 0-0: Swinging Strike
0-1: Ball
1-1: Ball
2-1: Called Strike
2-2: Ground out U3 (Groundball, 3L)
Batting: RHB Chris Rice 0-0: Ground out 5-3 (Groundball, 5)
Pitching: LHP Peter Turner
Batting: RHB Clarence Robertson 0-0: Foul Ball, location: 2F
0-1: Ground out 6-3 (Groundball, 6)
Bottom of the 3rd over - 1 run, 1 hit, 0 errors, 0 left on base; Memphis 2 - Santa Fe 5
TOP OF THE 4TH
Memphis Blues batting - Pitching for Santa Fe Diablos : RHP Bob Brock
Batting: LHB Brenton Carter 0-0: Ball
1-0: Foul Ball, location: 2F
1-1: Called Strike
1-2: Foul Ball, location: 2F
1-2: Foul Ball, location: 2F
1-2: Foul Ball, location: 2F
1-2: SOLO HOME RUN (Flyball, 9D), Distance : 354 ft
Batting: RHB Aaron Grizzle 0-0: Called Strike
0-1: Swinging Strike
0-2: Strikes out looking
Batting: SHB Fernando Gutiérrez 0-0: Called Strike
0-1: Ground out 5-3 (Groundball, 56)
Batting: LHB Phil Cantrell 0-0: Ball
1-0: Foul Ball, location: 2F
1-1: Called Strike
1-2: Strikes out looking
Top of the 4th over - 1 run, 1 hit, 0 errors, 0 left on base; Memphis 3 - Santa Fe 5
BOTTOM OF THE 4TH
Santa Fe Diablos batting - Pitching for Memphis Blues : LHP Peter Turner
Batting: RHB Carl O'Dell 0-0: Ball
1-0: Ball
2-0: Called Strike
2-1: Foul Ball, location: 2F
2-2: Foul Ball, location: 2F
2-2: Strikes out swinging
Batting: RHB Todd Oliver 0-0: Ball
1-0: Ball
2-0: Ball
3-0: Called Strike
3-1: Foul Ball, location: 2F
3-2: Strikes out swinging
Batting: RHB Mike Martin 0-0: Ball
1-0: Ball
2-0: Called Strike
2-1: Foul Ball, location: 2F
2-2: SINGLE (Flyball, 8LS)
Batting: RHB Frank Martínez 0-0: Swinging Strike
0-1: Called Strike
0-2: Foul Ball, location: 2F
0-2: Strikes out swinging
Bottom of the 4th over - 0 runs, 1 hit, 0 errors, 1 left on base; Memphis 3 - Santa Fe 5
TOP OF THE 5TH
Memphis Blues batting - Pitching for Santa Fe Diablos : RHP Bob Brock
Batting: RHB Julian Lee 0-0: Ball
1-0: Ground out 4-3 (Groundball, 4)
Batting: RHB Ángel Hernández 0-0: Ball
1-0: Foul Ball, location: 2F
1-1: Ball
2-1: Foul Ball, location: 2F
2-2: Strikes out swinging
Batting: LHB Armando Domínguez 0-0: Ground out 6-3 (Groundball, 6)
Top of the 5th over - 0 runs, 0 hits, 0 errors, 0 left on base; Memphis 3 - Santa Fe 5
BOTTOM OF THE 5TH
Santa Fe Diablos batting - Pitching for Memphis Blues : LHP Peter Turner
Batting: LHB Merrill Erickson 0-0: Foul Ball, location: 2F
0-1: Called Strike
0-2: Strikes out swinging
Batting: LHB Juan Torres 0-0: SOLO HOME RUN (Flyball, 9LD), Distance : 325 ft
Batting: LHB Arturo Rodledo 0-0: Swinging Strike
0-1: Ball
1-1: Foul Ball, location: 2F
1-2: Ball
2-2: Foul Ball, location: 2F
2-2: Foul Ball, location: 2F
2-2: Strikes out looking
Batting: RHB Chris Rice 0-0: Ball
1-0: Ball
2-0: Ball
3-0: Base on Balls
Batting: RHB Clarence Robertson 0-0: Foul Ball, location: 2F
0-1: Ball
1-1: SINGLE (Line Drive, 4MD)
Chris Rice to second
Batting: RHB Carl O'Dell 0-0: Called Strike
0-1: Ball
1-1: Ball
2-1: SINGLE (Line Drive, 5)
Chris Rice to third
Clarence Robertson to second
Runner from 3rd tries for Home, SAFE, no throw
Batting: RHB Todd Oliver 0-0: Ball
1-0: Swinging Strike
1-1: Foul Ball, location: 2F
1-2: Ground out 1-3 (Groundball, 15)
Bottom of the 5th over - 2 runs, 3 hits, 0 errors, 2 left on base; Memphis 3 - Santa Fe 7
TOP OF THE 6TH
Memphis Blues batting - Pitching for Santa Fe Diablos : RHP Bob Brock
Batting: SHB José Velásquez 0-0: Called Strike
0-1: Called Strike
0-2: Foul Ball, location: 2F
0-2: Ball
1-2: Strikes out swinging
Batting: LHB Weston Chaney 0-0: Ball
1-0: Fly out, F8 (Flyball, 8LM)
Batting: LHB Brenton Carter 0-0: Ball
1-0: Swinging Strike
1-1: Ball
2-1: Ball
3-1: Called Strike
3-2: SINGLE (Line Drive, 56D)
Batting: RHB Aaron Grizzle 0-0: Ball
1-0: Ball
2-0: Called Strike
2-1: Swinging Strike
2-2: Foul Ball, location: 2F
2-2: Foul Ball, location: 2F
2-2: Strikes out swinging
Top of the 6th over - 0 runs, 1 hit, 0 errors, 1 left on base; Memphis 3 - Santa Fe 7
BOTTOM OF THE 6TH
Santa Fe Diablos batting - Pitching for Memphis Blues : LHP Peter Turner
Batting: RHB Mike Martin 0-0: Called Strike
0-1: Fly out, F9 (Flyball, 9S)
Batting: RHB Frank Martínez 0-0: Called Strike
0-1: Ball
1-1: Ball
2-1: SINGLE (Groundball, 34D)
Batting: LHB Merrill Erickson 0-0: Ball
1-0: Ball
2-0: Grounds into double play, 4-6-3 (Groundball, 4)
Bottom of the 6th over - 0 runs, 1 hit, 0 errors, 0 left on base; Memphis 3 - Santa Fe 7
TOP OF THE 7TH
Memphis Blues batting - Pitching for Santa Fe Diablos : RHP Bob Brock
Batting: SHB Fernando Gutiérrez 0-0: Fly out, F5 (Popup, 5D)
Batting: LHB Phil Cantrell 0-0: Ball
1-0: Ball
2-0: SINGLE (Groundball, 34D)
Batting: RHB Julian Lee 0-0: Foul Ball, location: 2F
0-1: Swinging Strike
0-2: Ball
1-2: Ball
2-2: Ball
3-2: Base on Balls
Phil Cantrell to second
Batting: RHB Ángel Hernández 0-0: Called Strike
0-1: Ground out 5-3 (Groundball, 56S)
Phil Cantrell to third
Julian Lee to second
Batting: LHB Armando Domínguez 0-0: Called Strike
0-1: Called Strike
0-2: Ground out 5-3 (Groundball, 56S)
Top of the 7th over - 0 runs, 1 hit, 0 errors, 2 left on base; Memphis 3 - Santa Fe 7
BOTTOM OF THE 7TH
Santa Fe Diablos batting - Pitching for Memphis Blues : LHP Peter Turner
Batting: LHB Juan Torres 0-0: Ball
1-0: Ball
2-0: Ground out 4-3 (Groundball, 34D)
Pitching: RHP Michael Hutchins
Batting: LHB Arturo Rodledo 0-0: Called Strike
0-1: Foul Ball, location: 2F
0-2: Foul Ball, location: 2F
0-2: Strikes out swinging
Batting: RHB Chris Rice 0-0: Called Strike
0-1: Called Strike
0-2: Ball
1-2: Ball
2-2: Ball
3-2: Strikes out swinging
Bottom of the 7th over - 0 runs, 0 hits, 0 errors, 0 left on base; Memphis 3 - Santa Fe 7
TOP OF THE 8TH
Memphis Blues batting - Pitching for Santa Fe Diablos : RHP Bob Brock
Pitching: LHP Juan Parrot
Batting: SHB José Velásquez 0-0: Ball
1-0: Ground out 4-3 (Groundball, 4)
Batting: LHB Weston Chaney 0-0: Ball
1-0: Fly out, F8 (Flyball, 8RD)
Batting: LHB Brenton Carter 0-0: Ball
1-0: Called Strike
1-1: Foul Ball, location: 2F
1-2: Ball
2-2: Ball
3-2: Foul Ball, location: 2F
3-2: SINGLE (Groundball, 34D)
Batting: RHB Aaron Grizzle 0-0: Fly out, F6 (Line Drive, 6)
Top of the 8th over - 0 runs, 1 hit, 0 errors, 1 left on base; Memphis 3 - Santa Fe 7
BOTTOM OF THE 8TH
Santa Fe Diablos batting - Pitching for Memphis Blues : RHP Michael Hutchins
Batting: RHB Clarence Robertson 0-0: Ball
1-0: Ground out 5-3 (Groundball, 56S)
Batting: RHB Carl O'Dell 0-0: Ball
1-0: Swinging Strike
1-1: Swinging Strike
1-2: Ball
2-2: Ball
3-2: Foul Ball, location: 2F
3-2: Base on Balls
Batting: RHB Todd Oliver 0-0: Ball
1-0: Ball
Carl O'Dell is caught stealing 2nd base
2-0: Fly out, F7 (Flyball, 7LS)
Bottom of the 8th over - 0 runs, 0 hits, 0 errors, 0 left on base; Memphis 3 - Santa Fe 7
TOP OF THE 9TH
Memphis Blues batting - Pitching for Santa Fe Diablos : LHP Juan Parrot
Pitching: RHP Ted Stuart
Batting: SHB Fernando Gutiérrez 0-0: Ball
1-0: Called Strike
1-1: Swinging Strike
1-2: Strikes out looking
Batting: LHB Phil Cantrell 0-0: Called Strike
0-1: Swinging Strike
0-2: DOUBLE (Line Drive, 5D)
Batting: RHB Julian Lee 0-0: SINGLE (Line Drive, 89S)
Phil Cantrell to third
Batting: RHB Ángel Hernández 0-0: Ball
1-0: Swinging Strike
1-1: Called Strike
1-2: Grounds into double play, 6-4-3 (Groundball, 6)
Top of the 9th over - 0 runs, 2 hits, 0 errors, 1 left on base; Memphis 3 - Santa Fe 7
Saturday, December 16th, 2017 - OOTP Baseball 18.8 Build 76